 Dungeon Crawl Stone Soup version 0.21.1-1-g345015f (webtiles) character file.

96 Monsterracer the Chopper (level 4, 0/52 HPs)
             Began as a Human Fighter on Feb 13, 2018.
             Was a Follower of Yredelemnul.
             Slain by a gnoll
             ... wielding a +0 flail
              (3 damage)
             ... on level 4 of the Dungeon.
             The game lasted 00:03:45 (3415 turns).

Monsterracer the Chopper (Human Fighter)            Turns: 3415, Time: 00:03:46

Health: 0/52       AC: 22    Str: 16 (17) XL:     4   Next: 98%
Magic:  4/4        EV:  2    Int:  6 (8)  God:    Yredelemnul [*.....]
Gold:   153        SH:  9    Dex: 12 (13) Spells: 3/3 levels left

rFire    . . .     SeeInvis .   a - +1 war axe
rCold    . . .     Gourm    .   f - +1 shield
rNeg     + + +     Faith    .   (armour currently unavailable)
rPois    +         Spirit   .   (helmet currently unavailable)
rElec    .         Reflect  .   (cloak currently unavailable)
rCorr    .         Harm     .   (gloves currently unavailable)
MR       .....     NoTele   +   (boots currently unavailable)
Stlth    ++........             (no amulet)
HPRegen  0.17/turn              e - ring of stealth
MPRegen  0.09/turn              (no ring)

@: lethally poisoned (0 -> -44), tree-form
A: no striking features
a: Animate Remains, Renounce Religion


You were on level 4 of the Dungeon.
You worshipped Yredelemnul.
Yredelemnul was aware of your devotion.
You were very hungry.
You were a tree.
You visited 1 branch of the dungeon, and saw 4 of its levels.

You collected 153 gold pieces.

Inventory:

Hand Weapons
 a - a +1 war axe (weapon)
 b - a +1 mace of protection
Armour
 d - a +0 plate armour (melded)
 f - a +1 shield (worn)
 t - a +2 hat (melded)
Jewellery
 e - a ring of stealth (left branch)
Scrolls
 j - 2 scrolls of blinking
 l - 2 scrolls of fog
 n - a scroll of remove curse
 o - a scroll of teleportation
 u - a scroll of enchant weapon
Potions
 g - a potion of resistance {unknown}
 h - 2 potions of mutation {!q}
 k - 2 potions of brilliance
 r - a potion of flight
Comestibles
 c - 7 rations


   Skills:
 + Level 3.1 Fighting
 * Level 4.4 Axes
 + Level 3.1 Armour
 + Level 3.1 Shields
 + Level 0.1 Invocations


You had 3 spell levels left.
You didn't know any spells.

Dungeon Overview and Level Annotations

Branches:
Dungeon (4/15)
 Temple: D:4-7

Altars:
Yredelemnul

Shops:
D:4 [:%:


Message History

You feel sick.
You feel sick.
Key pressed, stopping explore.
You are too injured to fight recklessly!
You take 4 damage, and have 25/35 hp.
You are too injured to fight recklessly!
You feel sick.
You are no longer poisoned.
You hear the slow rusting of a distant drain.
You are feeling very hungry.
You regained 8 hp, and now have 33/35 hp.
You hear the rusting of a distant drain.
Found a war axe.
Health restored: 35
c - 6 rations (gained 1)
Found a ration.
There is an entrance to Zillifin's Book Shoppe here.
c - 7 rations (gained 1)
Found Canuph's Armour Boutique.
A gnoll comes into view. It is wielding a spear of venom.
The gnoll shouts!
A worker ant and a gnoll come into view.
A gnoll comes into view. It is wielding a spear.
The gnoll shouts! x2
The worker ant twitches its antennae in your direction.
A gnoll comes into view. It is wielding an enchanted flail.
A jackal skeleton comes into view.
You hear the rusting of a distant drain.
The worker ant bites you but does no damage.
You barely miss the worker ant. The gnoll hits you but does no damage.
You are poisoned.
You block the worker ant's attack.
You closely miss the worker ant.
You feel sick. You block the worker ant's attack.
The gnoll hits you from afar with a spear of venom.
The worker ant bites you but does no damage.
You take 4 damage, and have 31/35 hp.
You hit the worker ant.
The worker ant is moderately wounded.
You feel sick. You block the gnoll's attack.
The worker ant bites you but does no damage.
The gnoll hits you but does no damage.
You are more poisoned.
The worker ant bites you but does no damage.
You slash the worker ant!
The worker ant is almost dead.
Your plate armour prevents you from hitting the gnoll.
You feel sick. The gnoll hits you but does no damage.
The gnoll hits you from afar with a spear of venom!
You are lethally poisoned!
The worker ant bites you but does no damage.
You take 10 damage, and have 21/35 hp.
MASSIVE DAMAGE!!
Okay, then.
Okay, then.
You feel sick. The gnoll hits you but does no damage.
You block the gnoll's attack.
You take 2 damage, and have 19/35 hp.
* * * LOW HITPOINT WARNING * * *
You feel very sick. The gnoll hits you but does no damage.
You take 3 damage, and have 16/35 hp.
* * * LOW HITPOINT WARNING * * *
You feel sick. The gnoll hits you but does no damage.
You block the worker ant's attack.
You take 1 damage, and have 15/35 hp.
It was a potion of flight.
You feel very buoyant.
You fly up into the air.
* * * LOW HITPOINT WARNING * * *
You feel sick. You block the gnoll's attack.
The gnoll hits you but does no damage.
You are more poisoned.
The worker ant bites you.
* * * LOW HITPOINT WARNING * * *
You are more poisoned.
The worker ant poisons you!
You take 3 damage, and have 12/35 hp.
It was a potion of degeneration.
There was something very wrong with that liquid.
You feel weakened.
You feel dopey.
You feel clumsy.
* * * LOW HITPOINT WARNING * * *
You feel very sick. The gnoll hits you but does no damage.
You block the gnoll's attack. The worker ant bites you.
* * * LOW HITPOINT WARNING * * *
You are more poisoned.
The worker ant poisons you! You block the gnoll's attack.
You take 7 damage, and have 5/35 hp.
It was a potion of lignification.
You turn into a tree.
Your +2 hat melds into your body.
Your +0 plate armour melds into your body.
Your roots penetrate the ground.
* * * LOW HITPOINT WARNING * * *
You feel very sick. The gnoll hits you but does no damage.
The worker ant bites you but does no damage.
The gnoll hits you but does no damage. You block the gnoll's attack.
The gnoll hits you with a flail.
You die...
Your body rises from the dead as a mindless zombie.

#.# #....... #.# #.......
#.# ###....... #.#
#..∩...... #.# ##.#.......
#.# ##..........
#######.#######...........
#.......ag...#............
#.###...g♣..........#.##..
#.#g#g...<......#.##..
#.#.#.##.##.#.#.#.##..
#.#Z#.# ##..........∩ .
.∩#.# #.#########. .......
.. #< ......# #. ........
## .......# #


You could see a worker ant and 4 gnolls.

Vanquished Creatures
  3 adders
  A worm (D:2)
  3 leopard geckos
  6 orcs (D:3)
  6 giant cockroaches
  8 goblins
  7 hobgoblins
  A quokka (D:2)
  7 bats
  5 kobolds
  6 rats
53 creatures vanquished.

Notes
Turn   | Place    | Note
-------+----------+-------------------------------------------
     0 | D:1      | Monsterracer the Human Fighter began the quest for the Orb.
     0 | D:1      | Reached XP level 1. HP: 18/18 MP: 1/1
   474 | D:1      | Reached XP level 2. HP: 24/24 MP: 2/2
   984 | D:1      | Reached skill level 3 in Axes
  1243 | D:2      | HP: 12/24 [hobgoblin (1)]
  1439 | D:2      | Reached XP level 3. HP: 27/29 MP: 3/3
  2104 | D:3      | Reached skill level 4 in Axes
  2104 | D:3      | Reached XP level 4. HP: 35/35 MP: 4/4
  2124 | D:3      | HP: 17/35 [leopard gecko (3)]
  2130 | D:3      | HP: 10/35 [leopard gecko (1)]
  3066 | D:3      | Found a faded altar of an unknown god.
  3193 | D:3      | Became a worshipper of Yredelemnul the Dark
  3193 | D:3      | Reached * piety under Yredelemnul
  3211 | D:4      | Found Zyhumiceseg's Food Emporium.
  3211 | D:4      | Found Goragiuso's Book Boutique.
  3232 | D:4      | Found Zillifin's Book Shoppe.
  3399 | D:4      | Found Canuph's Armour Boutique.
  3411 | D:4      | HP: 16/35 [poisoned by a gnoll]
  3414 | D:4      | HP: 5/35 [worker ant (4)]
  3415 | D:4      | Slain by a gnoll

Skill      XL: |  1  2  3 |
---------------+----------+-----
Axes           | 3 4 |  4.4
Fighting       | |  3.1
Armour         | |  3.1
Shields        | |  3.1
Invocations    | |  0.1

Action                   |  1- 3 |  4- 6 || total
-------------------------+-------+-------++-------
Melee: War axe           |   105 |    92 ||   197
       Mace              |       |     1 ||     1
  Use: Scroll            |       |    11 ||    11
       Potion            |       |     4 ||     4
  Eat: Chunk             |     4 |     3 ||     7
Armor: Scale mail        |    14 |       ||    14
       Ring mail         |    30 |    15 ||    45
       Plate armour      |       |    51 ||    51
       Skin              |       |     3 ||     3
Dodge: Dodged            |    38 |    17 ||    55
Block: Shield            |    53 |    60 ||   113

Vault maps used:
D:1:      dpeg_arrival_prison
D:3:      chequers_ecumenical_altar_grove, minmay_surrounded
D:4:      serial_shops, shop, shop, shop, nicolae_shop_statue_plus, shop,
          gup_sewer_entry_bubbles, first_ration
